 Dungeon Crawl Stone Soup version 0.21-a0-329-g12f17e1 (webtiles) character file.

16 vishdafish the Charmwright (level 2, -1/22 HPs)
             Began as a Demonspawn Skald on Oct 1, 2017.
             Slain by a hobgoblin (4 damage)
             ... on level 1 of the Dungeon.
             The game lasted 00:01:25 (498 turns).

vishdafish the Charmwright (Demonspawn Skald)        Turns: 498, Time: 00:01:27

Health: -1/22      AC:  3    Str: 11    XL:     2   Next: 37%
Magic:  1/5        EV: 12    Int: 14    God:
Gold:   22         SH:  0    Dex: 12    Spells: 4/5 levels left

rFire    . . .     SeeInvis .   a - +0 spear
rCold    . . .     Gourm    .   (no shield)
rNeg     . . .     Faith    .   b - +0 leather armour
rPois    .         Spirit   .   (no helmet)
rElec    .         Reflect  .   (no cloak)
rCorr    .         Harm     .   (no gloves)
MR       .....                  (no boots)
Stlth    +.........             (no amulet)
HPRegen  0.07/turn              (no ring)
MPRegen  0.09/turn              (no ring)

@: very slightly contaminated
A: claws 1
a: no special abilities


You were on level 1 of the Dungeon.
You were not hungry.

You visited 1 branch of the dungeon, and saw 1 of its levels.

You collected 22 gold pieces.

Inventory:

Hand Weapons
 a - a +0 spear (weapon)
Armour
 b - a +0 leather armour (worn)
Scrolls
 e - a scroll of identify {unknown}
 f - a scroll of random uselessness {unknown}
Potions
 g - a potion of ambrosia {unknown}
Books
 c - a book of Battle

   Spells                             Type                      Level
   a - Infusion                       Charms                       1
   b - Shroud of Golubria             Charms/Translocation         2
   c - Song of Slaying                Charms                       2
   d - Spectral Weapon                Hexes/Charms                 3
   e - Regeneration                   Charms/Necromancy            3
Comestibles
 d - 2 bread rations


   Skills:
 - Level 2.0 Fighting
 * Level 2.3 Polearms
 - Level 1.0 Armour
 - Level 2.0 Dodging
 - Level 2.0 Spellcasting
 - Level 3.0 Charms


You had 4 spell levels left.
You knew the following spells:

 Your Spells              Type           Power        Failure   Level  Hunger
a - Infusion              Chrm           #...         9%          1    ##.....


Dungeon Overview and Level Annotations

Branches:
Dungeon (1/15)

Altars:


Innate Abilities, Weirdness & Mutations

You have sharp fingernails.


Message History

The hobgoblin is severely wounded.
The hobgoblin barely misses you.
You are no longer magically infusing your attacks.
Casting: Infusion
Confirm with . or Enter, or press ? or * to list all spells.
You miscast Infusion.
You are very lightly contaminated with residual magic.
The hobgoblin hits you.
* * * LOW HITPOINT WARNING * * *
You closely miss the hobgoblin.
The hobgoblin is severely wounded.
The hobgoblin closely misses you.
A frilled lizard comes into view.
The frilled lizard hisses angrily.
Found a fuming coppery potion.
A leopard gecko comes into view.
The leopard gecko hisses angrily.
The hobgoblin completely misses you. The hobgoblin hits you.
You die...

#.# #.##........ #.#
#.##....(... .. #.#
#.#..####### ...
#.#####'#..# #
#.####.##.......# #####
#....#.##.......# #...'
###.....##.......# #.###
........#####.##.# #.# #
.......@...##.##.###'###
........g..##.##.'......
...........##.##.###+###
...........##.##.# #.# #
.....l.....##.##.# #.###
...........##....# #...'
........l..##.#..# #####
.!.........##.##.# #
...........# #.#######


You could see a leopard gecko, a hobgoblin and a frilled lizard.

Vanquished Creatures
  A leopard gecko (D:1)
  2 bats (D:1)
  A giant cockroach (D:1)
  A goblin (D:1)
  2 hobgoblins (D:1)
  2 jackals (D:1)
  2 frilled lizards (D:1)
  A kobold (D:1)
  A rat (D:1)
13 creatures vanquished.

Notes
Turn   | Place    | Note
-------+----------+-------------------------------------------
     0 | D:1      | vishdafish the Demonspawn Skald began the quest for the Orb.
     0 | D:1      | Reached XP level 1. HP: 16/16 MP: 3/3
   226 | D:1      | Reached skill level 1 in Armour
   319 | D:1      | Reached skill level 3 in Charms
   319 | D:1      | Gained mutation: You have sharp fingernails. [demonic ancestry]
   319 | D:1      | Reached XP level 2. HP: 21/22 MP: 5/5
   498 | D:1      | Slain by a hobgoblin

Vault maps used:
D:1:      mrwooster_arrival_statue, serial_forest,
          infiniplex_forest_lined_corner, infiniplex_forest_corner_2,
          infiniplex_forest_clump_large, infiniplex_forest_corner_1,
          infiniplex_forest_lined_3, infiniplex_forest_lined_room_2,
          serial_bayou_pond_b, minmay_door_square, minmay_tiny_reverse_x

Skill      XL: |  1  2 |
---------------+-------+-----
Armour         | 1 |  1.0
Dodging        | 2 |  2.0
Charms         | 3 |  3.0
Polearms       | 2 |  2.3
Fighting       | |  2.0
Spellcasting   | |  2.0

Action                   || total
-------------------------++-------
Melee: Spear             ||    56
 Cast: Infusion          ||     8
Armor: Leather armour    ||    11
Dodge: Dodged            ||    25

Table legend:
 A = Spawn XP
 B = Non-spawn XP
 C = Spawn XP percentage of total XP
 D = Spawn monster count
 E = Non-spawn monster count
 F = Spawn count percentage of total count
 G = Total turns spent on level
                    A         B        C        D         E        F      G
               +---------+---------+-------+---------+---------+-------+---------
         Total |       0 |      23 |   0.0 |       0 |      13 |   0.0 |   498
               +---------+---------+-------+---------+---------+-------+---------
           D:1 |       0 |      23 |   0.0 |       0 |      13 |   0.0 |   498
               +---------+---------+-------+---------+---------+-------+---------
